 Dungeon Crawl Stone Soup version 0.19-a0-1827-g174f941 (webtiles) character file.

10934 rgaf the Grappler (level 11, -10/103 HPs)
             Began as a Troll Monk on Oct 8, 2016.
             Was a Believer of Ru.
             Mangled by a nine-headed hydra (12 damage)
             ... on level 1 of the Lair of Beasts.
             The game lasted 00:18:59 (9009 turns).

rgaf the Grappler (Troll Monk)                      Turns: 9009, Time: 00:18:59

Health: -10/103    AC:  8    Str: 21    XL:     11   Next: 42%
Magic:  10/10      EV: 11    Int:  9    God:    Ru [**....]
Gold:   357        SH:  0    Dex: 12    Spells: 0 memorised, 10 levels left

rFire  . . .     SeeInvis .       - Unarmed
rCold  . . .     Gourm    +     N - +0 robe "Sun Neri" {Regen+ Slay+5}
rNeg   . . .     Faith    .     (no shield)
rPois  +         Spirit   .     (helmet restricted)
rElec  .         Dismiss  .     A - +2 cloak {rPois}
rCorr  .         Reflect  .     (gloves unavailable)
MR     +....     Harm     .     (boots unavailable)
Stlth  +++.......               k - amulet of regeneration
                                G - ring of stealth
                                y - ring of protection from magic

@: lethally poisoned (-10 -> -10), about to teleport
A: unfitting armour, claws 3, fast metabolism 3, frail 1, gourmand, regeneration
1, shaggy fur 1, tough skin 2, no fire magic, no summoning magic, no
transmutations magic
a: Renounce Religion


You were on level 1 of the Lair of Beasts.
You worshipped Ru.
Ru was pleased with you.
You were full.

You visited 3 branches of the dungeon, and saw 12 of its levels.

You collected 533 gold pieces.
You spent 176 gold pieces at shops.

Inventory:

Armour
 A - a +2 cloak of poison resistance (worn)
 N - the +0 robe "Sun Neri" (worn) {Regen+ Slay+5}
   (You bought it in a shop on level 8 of the Dungeon)

   It affects your accuracy and damage with ranged weapons and melee attacks
   (+5).
   It increases your rate of regeneration.
Jewellery
 k - an amulet of regeneration (around neck)
 x - an uncursed amulet of faith
 y - a ring of protection from magic (left claw)
 G - a ring of stealth (right claw)
Wands
 p - a wand of paralysis (17/24)
 D - a wand of digging (19/24)
 M - a wand of teleportation (4/9)
 O - a wand of iceblast (0/15)
 R - a wand of confusion (26/48)
 S - a wand of flame (23/48)
 V - a wand of flame (33/48)
Scrolls
 d - 3 scrolls of remove curse
 l - a scroll of amnesia
 o - 2 scrolls of recharging {unknown}
 t - a scroll of immolation {unknown}
 u - 4 scrolls of enchant armour {unknown}
 w - a scroll of noise {unknown}
 F - 2 scrolls of enchant weapon {unknown}
 K - 3 scrolls of magic mapping {unknown}
 L - 3 scrolls of blinking {unknown}
 Q - a scroll of brand weapon {unknown}
 U - a scroll of fog {unknown}
Potions
 g - 2 potions of cure mutation
 j - a potion of magic
 m - 2 potions of might {unknown}
 n - 2 potions of invisibility
 q - a potion of mutation {unknown}
 s - 7 potions of curing {unknown}
 v - 5 potions of flight {unknown}
 z - 3 potions of heal wounds {unknown}
 C - 3 potions of brilliance {unknown}
 E - 2 potions of agility
 T - a potion of cancellation {unknown}
Books
 P - a book of Cantrips

   Spells                             Type                      Level
   a - Confusing Touch                Hexes                        1
   b - Animate Skeleton               Necromancy                   1
   c - Summon Small Mammal            Summoning                    1
   d - Apportation                    Translocation                1
Comestibles
 b - 11 bread rations
 h - 3 beef jerkies
 r - 3 meat rations
 H - a royal jelly
 I - 8 slices of pizza
 J - 5 fruits


   Skills:
 + Level 9.2 Fighting
 * Level 2.0 Armour
 * Level 3.4 Dodging
 - Level 1.0 Stealth
 + Level 14.1 Unarmed Combat


You had 10 spell levels left.
You didn't know any spells.

Dungeon Overview and Level Annotations

Branches:
Dungeon (10/15)            Temple (1/1) D:7            Lair (1/6) D:10
    Orc (0/2) D:10

Altars:
Ashenzari
Cheibriados
Dithmenos
Elyvilon
Fedhas
Gozag
Hepliaklqana
Kikubaaqudgha
Makhleb
Nemelex Xobeh
Okawaru
Qazlal
Ru
Sif Muna
Trog
Uskayaw
Vehumet
Xom
Yredelemnul
Zin
The Shining One
Lugonu

Shops:
D:6 %   D:8 [

Annotations:
Lair:1 Sonja


Innate Abilities, Weirdness & Mutations

You are too large for most types of armour.
You have claws for hands.
Your metabolism is lightning-fast.
You are frail. (-10% HP)
You like to eat raw meat.
Your natural rate of healing is unusually fast.
You are covered in fur. (AC +1)
You have very tough skin. (AC +2)
You cannot study or cast Fire magic.
You cannot study or cast Summoning magic.
You cannot study or cast Transmutations magic.


Message History

You rip one of the eight-headed hydra's heads off!
The seven-headed hydra grows two more!
You mangle the nine-headed hydra!!
The nine-headed hydra is moderately wounded.
You feel sick. The nine-headed hydra bites you!
The nine-headed hydra closely misses you.
The nine-headed hydra bites you but does no damage.
The nine-headed hydra bites you!
The nine-headed hydra barely misses you.
The nine-headed hydra bites you! x3
* * * LOW HITPOINT WARNING * * *
The nine-headed hydra closely misses you.
The nine-headed hydra bites you but does no damage.
The nine-headed hydra bites you!
* * * LOW HITPOINT WARNING * * *
The nine-headed hydra bites you but does no damage.
The nine-headed hydra bites you!
* * * LOW HITPOINT WARNING * * *
The nine-headed hydra barely misses you.
The nine-headed hydra bites you!
You die...

##..##P##.####...#######...#
....#####.#.####...#P###.###
....# #..#.P####.......# #.
...## ##....#####P###### #..
##..## ####...#.### #.#
#...# ###...####### #.#
##..###### ##...#.#..####.#
##......## ##D...........#
######..## #@#####P#....##
###.############....# #. #
##..#####.####....###.# #
##......###.#..D.....# # ##
#.#..##..#..........# ##
##.# #######......#.....P#
.####.... ##..####....###
......# ##..####...###
#....## ##.### #....#


You could see a nine-headed hydra.

Vanquished Creatures
  A hill giant (D:10)
  2 spiny frogs (Lair:1)
  A komodo dragon (Lair:1)
  2 trolls
  2 two-headed ogres
  A hippogriff (Lair:1)
  13 yaks
  3 hogs (D:7)
  2 hungry ghosts
  A human (D:7)
  Menkaure (D:4)
  Edmund (D:4)
  4 water moccasins
  4 porcupines (Lair:1)
  A sky beast (D:5)
  An orc warrior (D:7)
  6 ice beasts
  2 black bears
  6 ogres
  3 crocodiles
  8 bullfrogs
  3 big kobolds
  A scorpion (D:7)
  9 killer bees
  A howler monkey (D:5)
  14 wights
  A centaur zombie (D:9)
  A bullfrog zombie (D:5)
  5 crimson imps
  2 quasits
  2 jellies
  8 orc priests
  8 orc wizards
  Crazy Yiuf (D:4)
  5 hounds
  Jessica (D:3)
  A centaur skeleton (D:5)
  An iguana (D:6)
  Terence (D:2)
  Natasha (twice) (D:3)
  10 worker ants
  A hound zombie (D:9)
  A worker ant zombie (D:8)
  3 gnolls (D:7)
  6 adders
  A shadow imp (D:9)
  An adder skeleton (D:8)
  A worm (D:4)
  2 dart slugs
  5 leopard geckos
  38 orcs
  5 giant cockroaches
  6 goblins
  10 hobgoblins
  6 jackals
  15 kobolds
  3 quokkas
  2 ball pythons (D:3)
  8 bats
  10 frilled lizards
  2 quokka skeletons
  10 rats
278 creatures vanquished.

Notes
Turn   | Place    | Note
-------+----------+-------------------------------------------
     0 | D:1      | rgaf the Troll Monk began the quest for the Orb.
     0 | D:1      | Reached XP level 1. HP: 22/22 MP: 0/0
   176 | D:1      | Reached XP level 2. HP: 29/29 MP: 1/1
   676 | D:1      | Reached XP level 3. HP: 35/36 MP: 2/2
   899 | D:2      | Noticed Terence
   908 | D:2      | Killed Terence
   908 | D:2      | Reached skill level 4 in Unarmed Combat
  1171 | D:2      | Reached XP level 4. HP: 45/45 MP: 3/3
  1891 | D:3      | Noticed Jessica
  1894 | D:3      | Killed Jessica
  1915 | D:3      | Noticed Natasha
  1918 | D:3      | Killed Natasha
  1918 | D:3      | Reached skill level 5 in Unarmed Combat
  1918 | D:3      | Reached XP level 5. HP: 53/53 MP: 4/4
  2066 | D:3      | Noticed Natasha
  2071 | D:3      | Killed Natasha
  2224 | D:4      | Noticed an ogre
  2248 | D:4      | Killed an ogre
  2248 | D:4      | Reached XP level 6. HP: 23/62 MP: 5/5
  2325 | D:4      | Reached skill level 6 in Unarmed Combat
  2355 | D:4      | Found a hazy altar of Hepliaklqana.
  2486 | D:4      | Noticed Edmund
  2488 | D:4      | Noticed Menkaure
  2495 | D:4      | Killed Edmund
  2495 | D:4      | Reached XP level 7. HP: 34/71 MP: 6/6
  2499 | D:4      | Killed Menkaure
  2499 | D:4      | Reached skill level 7 in Unarmed Combat
  2683 | D:4      | Found a runed door.
  2687 | D:4      | Noticed Crazy Yiuf
  2694 | D:4      | Killed Crazy Yiuf
  2920 | D:5      | Entered Level 5 of the Dungeon
  3147 | D:5      | Reached skill level 5 in Fighting
  3159 | D:5      | Reached skill level 8 in Unarmed Combat
  3166 | D:5      | Reached XP level 8. HP: 55/80 MP: 7/7
  3250 | D:5      | Found a blossoming altar of Fedhas.
  3508 | D:5      | Found a glowing silver altar of Zin.
  3712 | D:6      | Reached skill level 9 in Unarmed Combat
  4062 | D:6      | Found Ydexzor's Food Shop.
  4105 | D:6      | Found a shimmering altar of Xom.
  4106 | D:6      | Found a burning altar of Makhleb.
  4654 | D:7      | Found a staircase to the Ecumenical Temple.
  4729 | Temple   | Entered the Ecumenical Temple
  4941 | D:7      | Reached skill level 10 in Unarmed Combat
  4941 | D:7      | Reached XP level 9. HP: 81/89 MP: 8/8
  5037 | D:7      | Found a basalt altar of Yredelemnul.
  5038 | D:7      | Found a glowing golden altar of the Shining One.
  5041 | D:7      | Noticed a profane servitor
  5047 | D:7      | Noticed an angel
  5161 | D:7      | Reached skill level 11 in Unarmed Combat
  5306 | D:7      | Found a hide-covered altar of Uskayaw.
  5344 | D:7      | Found an ancient bone altar of Kikubaaqudgha.
  5659 | D:8      | Found Mad Gasa's Antique Armour Shoppe.
  5729 | D:8      | Bought a faintly glowing robe for 176 gold pieces
  5739 | D:8      | Identified the cursed +0 robe "Sun Neri" {Regen+ Slay+5} (You bought it in a shop on level 8 of the Dungeon)
  5927 | D:8      | Found a sacrificial altar of Ru.
  5939 | D:8      | Became a worshipper of Ru the Awakened
  5963 | D:8      | Gained mutation: You are frail. (-10% HP) [Ru sacrifice]
  5963 | D:8      | Reached * piety under Ru
  5999 | D:8      | Reached XP level 10. HP: 90/91 MP: 9/9
  6081 | D:8      | Reached skill level 12 in Unarmed Combat
  6265 | D:8      | Found a shattered altar of Ashenzari.
  6265 | D:8      | Found a stormy altar of Qazlal.
  7167 | D:9      | Reached skill level 13 in Unarmed Combat
  7358 | D:10     | Entered Level 10 of the Dungeon
  7448 | D:10     | Found a staircase to the Orcish Mines.
  7479 | D:10     | Gained mutation: You cannot study or cast Fire magic. [Ru sacrifice]
  7479 | D:10     | Gained mutation: You cannot study or cast Transmutations magic. [Ru sacrifice]
  7479 | D:10     | Gained mutation: You cannot study or cast Summoning magic. [Ru sacrifice]
  7479 | D:10     | Reached ** piety under Ru
  7583 | D:10     | Found a staircase to the Lair.
  7779 | D:10     | Noticed a hill giant
  7784 | D:10     | Killed a hill giant
  7784 | D:10     | Reached XP level 11. HP: 84/101 MP: 10/10
  8121 | Lair:1   | Entered Level 1 of the Lair of Beasts
  8304 | Lair:1   | Reached skill level 14 in Unarmed Combat
  8462 | Lair:1   | Noticed Sonja
  8566 | Lair:1   | Noticed a hill giant
  8712 | Lair:1   | Reached skill level 1 in Armour
  8972 | Lair:1   | Noticed an eight-headed hydra
  9009 | Lair:1   | HP: 2/103 [nine-headed hydra (10)]
  9009 | Lair:1   | Mangled by a nine-headed hydra

Vault maps used:
D:1:      sevenhm_arrival_forest_fort_small_3, minivault_25
D:2:      hangedman_decor_diamond_cutter, uniq_terence
D:3:      uniq_jessica, uniq_natasha
D:4:      lemuel_doored_altar, uniq_edmund, uniq_menkaure,
          uniq_crazy_yiuf_cottage
D:5:      fedhas_altar_1, kennysheep_mini_moat, first_bread
D:6:      grunt_temple_overflow_champion_of_chaos, serial_shops, shop
D:7:      grunt_temple_overflow_holy_war, overflow_temple_1_default,
          lemuel_round_altar, grunt_livestock
D:8:      nicolae_ru_sacrificial_ziggurat, gammafunk_temple_overflow_elements,
          serial_shops, nicolae_shop_crystal
D:9:      minmay_misc_feat_room, minmay_lizard_king
D:10:     lair_0_dummy, orc_david_3, kennysheep_cross_bottleneck
Temple:   corrupted_temple
Lair:1:   uniq_erica, uniq_sonja

Skill      XL: |  1  2  3  4  5  6  7  8  9 10 11 |
---------------+----------------------------------+-----
Fighting       | 3 4 5 6 7 8 9 |  9.2
Unarmed Combat | 4 5 6 8 10 11 13 14 | 14.1
Armour         | 2 |  2.0
Dodging        | 3 |  3.4
Stealth        | |  1.0

Action                   |  1- 3 |  4- 6 |  7- 9 | 10-12 || total
-------------------------+-------+-------+-------+-------++-------
Melee: Unarmed           |    99 |   108 |   278 |   275 ||   760
       Punch             |     1 |     2 |    15 |    14 ||    32
Invok: Sacrifice Health  |       |       |     1 |       ||     1
       Sacrifice Arcana  |       |       |       |     1 ||     1
Evoke: Wand              |       |       |       |     4 ||     4
  Use: Scroll            |       |       |       |    13 ||    13
       Potion            |       |       |       |     1 ||     1
 Stab: Sleeping          |     5 |     1 |     6 |    10 ||    22
  Eat: Chunk             |    11 |    17 |    37 |    24 ||    89
       Pizza             |       |       |     1 |       ||     1
Armor: Robe              |    40 |    21 |    84 |    85 ||   230
Dodge: Dodged            |    54 |    41 |   121 |   101 ||   317
